 Dungeon Crawl Stone Soup version 0.31.0-32-g396128a36d (webtiles) character file.

Game seed: 6290752896242444242

10178 spaghetti the Summoner (level 11, -8/102 HPs)
             Began as a Demonspawn Summoner on Mar 8, 2024.
             Was an Initiate of Gozag.
             Mangled by a nameless horror (21 damage)
             ... created by miscasting Monstrous Menagerie
             ... on level 10 of the Dungeon.
             The game lasted 00:22:34 (14831 turns).

spaghetti the Summoner (Demonspawn Summoner)       Turns: 14831, Time: 00:22:34

Health: -8/102     AC: 16    Str:  9    XL:     11   Next: 32%
Magic:  0/25       EV: 11    Int: 19    God:    Gozag
Gold:   1730       SH:  0    Dex: 14    Spells: 9/30 levels left

rFire   . . .        k - +2 whip (venom)
rCold   + . .        (no shield)
rNeg    . . .        C - +2 leather armour "Cuahostra" {rC+}
rPois   .            (helmet restricted)
rElec   .            h - scarf {+Inv}
rCorr   .            (no gloves)
SInv    .            i - +1 pair of boots
Will    .....        (no amulet) Stlth
                     (no ring)
HPRegen 0.37/turn    (no ring)
MPRegen 0.19/turn

%: no passive effects
@: berserking, sanguine armoured, very quick
A: antennae 2, spiny 2, sanguine armour 2, demonic magic 1
a: Renounce Religion, Evoke Invisibility, Potion Petition, Call Merchant, Bribe
Branch


You were on level 10 of the Dungeon.
You worshipped Gozag.
Gozag was most pleased with you.
You visited 2 branches of the dungeon, and saw 11 of its levels.

You collected 1818 gold pieces.
You paid 88 gold pieces to Gozag.

Inventory:

Hand Weapons
 k - a +2 whip of venom (weapon)
Armour
 a - a +0 robe
 h - a scarf of invisibility (worn)
 i - a +1 pair of boots (worn)
 C - the +2 leather armour "Cuahostra" (worn) {rC+}
   (You found it on level 10 of the Dungeon)

   rC+:       It protects you from cold.
Magical Staves
 e - a staff of conjuration
Jewellery
 y - an amulet of guardian spirit
 z - a ring of resist corrosion
Wands
 g - a wand of iceblast (16)
 u - a wand of polymorph (5)
Scrolls
 b - 2 scrolls of fear
 c - 3 scrolls of poison
 d - a scroll of noise
 j - 3 scrolls of teleportation
 p - a scroll of enchant armour
 r - 2 scrolls of revelation
 v - 2 scrolls of vulnerability {unknown}
 D - a scroll of amnesia {unknown}
Potions
 f - a potion of invisibility
 m - 5 potions of heal wounds {unknown}
 n - 6 potions of haste {unknown}
 o - a potion of degeneration {unknown}
 q - 4 potions of attraction {unknown}
 t - 2 potions of cancellation {unknown}
 x - a potion of magic
 A - a potion of might {unknown}
 B - 2 potions of mutation {unknown}


   Skills:
 - Level 1.7 Dodging
 - Level 1.7 Stealth
 + Level 10.1 Spellcasting
 - Level 8.0 Hexes
 + Level 11.4 Summonings
 - Level 5.0 Ice Magic


You had 9 spell levels left.
You knew the following spells:

 Your Spells              Type           Power      Damage    Failure   Level
a - Summon Small Mammal   Summ           100%       N/A       1%          1
b - Call Imp              Summ           100%       N/A       1%          2
c - Call Canine Familiar  Summ           52%        N/A       1%          3
d - Summon Ice Beast      Ice/Summ       40%        N/A       1%          3
e - Summon Mana Viper     Hex/Summ       46%        N/A       5%          5
f - Monstrous Menagerie   Summ           26%        N/A       63%         7

Your spell library contained the following spells:

 Spells                   Type           Power      Damage    Failure   Level
 Summon Blazeheart Golem  Fire/Summ      31%        N/A       10%         4
 Summon Lightning Spire   Summ/Air       31%        N/A       10%         4
 Magic Dart               Conj           36%        1d4       11%         1
 Searing Ray              Conj           18%        2d5       16%         2
 Fulminant Prism          Conj/Alch      4%         3d5       71%         4
 Vhi's Electric Charge    Tloc/Air       18%        N/A       71%         4
 Alistair's Intoxication  Alch           6%         N/A       96%         5
 Arcjolt                  Conj/Air       4%         1d14      96%         5
 Borgnjor's Vile Clutch   Necr/Erth      4%         N/A       96%         5
 Eringya's Noxious Bog    Alch           4%         4d6       100%        6
 Maxwell's Capacitive Co  Air            4%         ∞         100%        8


Dungeon Overview and Level Annotations

Branches:
Dungeon (10/15)            Temple (0/1) D:6            Lair (1/5) D:10
    Orc (0/2) D:10

Altars:
Cheibriados
Dithmenos
Gozag
Makhleb
Nemelex Xobeh
Okawaru
Qazlal

Shops:
D:1 !   D:6 ?:[**


Innate Abilities, Weirdness & Mutations

You have a pair of antennae on your head.
You are mostly covered in sharp spines.
When seriously injured, your blood forms thick armour. (AC +9)
Spells you cast may paralyse adjacent enemies.


Message History

The nameless horror is lightly damaged.
Your mana viper bites the nameless horror!
The nameless horror closely misses you.
Your mana viper bites the nameless horror!
You hit the nameless horror.
The nameless horror is heavily damaged.
The nameless horror hits you!!
* * * LOW HITPOINT WARNING * * *
Your blood congeals into armour.
Your mana viper bites the nameless horror!
Your ice beast hits the nameless horror but does no damage.
Unknown command.
Casting: Summon Ice Beast (safe; 1% risk of failure)
Confirm with . or Enter, or press ? or * to list all spells.
You don't have enough magic to cast this spell.
Unknown command.
You hit the nameless horror.
The nameless horror is severely damaged.
Your mana viper bites the nameless horror.
Send 'em back where they came from!
Your mana viper disappears in a puff of smoke!
Your ice beast disappears in a puff of smoke!
The nameless horror is struck by your spines.
The nameless horror barely misses you.
You climb upwards.
Welcome back to the Dungeon!
There is a staircase to the Lair here.
Unknown command.
Unknown command.
Unknown command.
You hit the nameless horror but do no damage.
The nameless horror is severely damaged.
The nameless horror is struck by your spines.
The nameless horror hits you!
* * * LOW HITPOINT WARNING * * *
You feel your power leaking away.
A red film seems to cover your vision as you go berserk!
You feel yourself moving faster!
You feel mighty! The nameless horror hits you!!
You die...
Your body crumbles into a pile of gold.

###..#########..####...# #...#
.......<...............# #...##
...............PP......#####.....
.............P...............####
...................P.........# #
....####.##.P.P...P.P..####..# #
....# #.#P..PP..P...P..# #..# #
....# #.#..P..####.PPP.# #..# #
....# #...P..P#@X#..P..###..# #
....# ###..P..#[.#...P...#..# #
....# #.P.P.##'#.....#....# #
....# #..P...........###..# #
....# ##........P.P.## #..####
###.# #...P...P...P# #...... #
#.# ##..........## #...... # #.#
###......### #......
###############..##########......


You could see a nameless horror.

Vanquished Creatures
  A yak (D:10)
  2 nameless horrors
  A water moccasin (D:9)
  An orc warrior (D:9)
  A sky beast (D:7)
  A black bear (D:7)
  3 centaurs
  A phantom (D:6)
  2 bullfrogs (D:8)
  6 killer bees
  A howler monkey (D:8)
  An orc priest (D:10)
  A sleepcap (D:6)
  An iguana (D:6)
  6 orc wizards
  3 gnolls (D:4)
  6 adders
  2 shadow imps (D:6)
  3 ufetubi (D:6)
  14 orcs
  2 ball pythons (D:1)
  4 endoplasms
  2 giant cockroaches
  7 goblins
  2 hobgoblins
  A jackal (D:2)
  A kobold (D:2)
  4 quokkas
  4 bats
  3 frilled lizards
  3 rats (D:3)
90 creatures vanquished.

Vanquished Creatures (collateral kills)
  Erica (D:8)
  A two-headed ogre (D:9)
  A hydra (D:10)
  Pikel (D:9)
  An elephant (D:10)
  A komodo dragon (Lair:1)
  A troll (D:9)
  A merfolk (D:10)
  A shadow (D:10)
  8 yaks
  A steam dragon (D:8)
  3 water moccasins
  An acid dragon (D:8)
  2 black bears (D:10)
  An orc warrior (D:6)
  An ice beast (D:7)
  3 centaurs
  2 ogres
  4 lemures (D:9)
  A phantom (D:10)
  A nameless horror (D:9)
  3 kobold brigands
  A bullfrog (D:5)
  2 scorpions
  9 wights
  A troll zombie (D:10)
  12 killer bees
  3 electric eels
  A howler monkey (D:8)
  2 jellies
  4 hounds
  4 orc priests
  2 sleepcaps
  A gnoll bouda (D:8)
  6 iguanas
  7 orc wizards
  7 ogre zombies (D:10)
  5 adders
  11 gnolls
  2 white imps
  An ufetubus (D:6)
  A dart slug (D:1)
  26 orcs
  4 endoplasms
  2 gnoll zombies (D:10)
  3 goblins
  A hobgoblin (D:3)
  2 jackals (D:2)
  3 bats
  A frilled lizard (D:2)
  3 gnoll skeletons (D:10)
  10 kobolds
  An orc skeleton (D:10)
  19 orc zombies (D:10)
  2 rats (D:2)
199 creatures vanquished.

Grand Total: 289 creatures vanquished

Notes
Turn   | Place    | Note
-------+----------+-------------------------------------------
     0 | D:1      | spaghetti the Demonspawn Summoner began the quest for the
                  | Orb.
     0 | D:1      | Reached XP level 1. HP: 13/13 MP: 3/3
   266 | D:1      | Gained mutation: You are partially covered in sharp spines.
                  | [demonic ancestry]
   266 | D:1      | Reached XP level 2. HP: 16/19 MP: 1/5
   269 | D:1      | Learned a level 2 spell: Call Imp
   269 | D:1      | Found Ahot's Distillery.
   831 | D:2      | Found a snail-covered altar of Cheibriados.
  1069 | D:2      | Gained mutation: You are mostly covered in sharp spines.
                  | [demonic ancestry]
  1069 | D:2      | Reached XP level 3. HP: 20/24 MP: 2/7
  1526 | D:2      | Learned a level 3 spell: Call Canine Familiar
  1882 | D:3      | Gained mutation: You have a pair of small antennae on your
                  | head. [demonic ancestry]
  1882 | D:3      | Reached XP level 4. HP: 17/30 MP: 2/8
  2101 | D:3      | Found a shadowy altar of Dithmenos.
  2105 | D:3      | Reached skill level 5 in Summonings
  2261 | D:3      | Reached XP level 5. HP: 35/35 MP: 4/10
  2920 | D:3      | Learned a level 3 spell: Summon Ice Beast
  3043 | D:4      | Noticed a nameless horror
  3062 | D:4      | Killed a nameless horror
  3253 | D:4      | Reached skill level 1 in Ice Magic
  3364 | D:4      | Gained mutation: When seriously injured, your blood forms
                  | armour. (AC +9) [demonic ancestry]
  3364 | D:4      | Reached XP level 6. HP: 41/41 MP: 4/12
  3698 | D:4      | Reached skill level 6 in Summonings
  3890 | D:5      | Entered Level 5 of the Dungeon
  3985 | D:5      | Reached XP level 7. HP: 43/46 MP: 8/14
  4090 | D:5      | Reached skill level 5 in Spellcasting
  4588 | D:5      | Found an opulent altar of Gozag.
  4739 | D:5      | Became a worshipper of Gozag Ym Sagoz the Greedy
  4973 | D:5      | Reached skill level 7 in Summonings
  5098 | D:5      | Gained mutation: Spells you cast may paralyse adjacent
                  | enemies. [demonic ancestry]
  5098 | D:5      | Reached XP level 8. HP: 34/52 MP: 4/16
  5539 | D:5      | Learned a level 5 spell: Summon Mana Viper
  5635 | D:6      | Reached skill level 1 in Hexes
  5755 | D:6      | Found Ugikhoas's Specific Store.
  5757 | D:6      | Found Xawalaargh's General Store.
  6118 | D:6      | Found Laffuk's Antique Armour Shop.
  6250 | D:6      | Found a staircase to the Ecumenical Temple.
  6827 | D:6      | Found Yxziw's Magic Scroll Shop.
  6981 | D:6      | Found Sezaskoag's Book Shoppe.
  7008 | D:6      | Noticed a nameless horror
  7025 | D:6      | Killed a nameless horror
  7474 | D:6      | Gained mutation: You have a pair of antennae on your head.
                  | [demonic ancestry]
  7474 | D:6      | Reached XP level 9. HP: 48/57 MP: 4/18
  7482 | D:6      | Learned a level 7 spell: Monstrous Menagerie
  7580 | D:6      | Identified the +1 robe of the Sparrow {rPois Int+3}
  7807 | D:7      | Reached skill level 8 in Summonings
  7807 | D:7      | Reached skill level 5 in Ice Magic
  9789 | D:8      | Reached skill level 5 in Hexes
  9811 | D:8      | Reached skill level 9 in Summonings
 10076 | D:8      | Noticed Erica
 10084 | D:8      | Killed Erica
 10085 | D:8      | Gained mutation: When seriously injured, your blood forms
                  | thick armour. (AC +9) [demonic ancestry]
 10085 | D:8      | Reached XP level 10. HP: 32/63 MP: 10/22
 11301 | D:9      | Noticed Pikel
 11314 | D:9      | Killed Pikel
 11429 | D:9      | Reached skill level 10 in Summonings
 11690 | D:9      | Noticed a two-headed ogre
 11955 | D:9      | Found a burning altar of Makhleb.
 11959 | D:9      | Found an iron altar of Okawaru.
 11962 | D:9      | Found a stormy altar of Qazlal.
 11962 | D:9      | Found a sparkling altar of Nemelex Xobeh.
 11990 | D:9      | Killed a two-headed ogre
 12365 | D:10     | Entered Level 10 of the Dungeon
 12400 | D:10     | Identified the +2 leather armour "Cuahostra" {rC+}
 12675 | D:10     | Found a staircase to the Orcish Mines.
 13101 | D:10     | Reached XP level 11. HP: 67/68 MP: 10/24
 13232 | D:10     | Noticed a six-headed hydra
 13247 | D:10     | Killed a six-headed hydra
 13358 | D:10     | Reached skill level 11 in Summonings
 13834 | D:10     | Found a staircase to the Lair.
 14478 | Lair:1   | Entered Level 1 of the Lair of Beasts
 14665 | Lair:1   | Reached skill level 10 in Spellcasting
 14667 | Lair:1   | Noticed a nameless horror
 14831 | D:10     | Mangled by a nameless horror

Illustrated notes

Levels and vault maps discovered:
D:1:      minmay_arrival_wavy_path, layout_basic, serial_shops, shop_statue,
          dk_noncrumbling_3, roderic_three_in_a_row, st_stairs_7
D:2:      layout_loops_cross, basic_altar, nicolae_kite_square_tiling_tiny,
          minmay_pentomino_z4
D:3:      layout_loops_ring, nicolae_dithmenos_shadow_blocks,
          chequers_serial_rivers_micro_d
D:4:      layout_rooms
D:5:      layout_loops_ring, mainiacjoe_overflow_paths,
          nicolae_nh_ransacked_shop
D:6:      layout_gridville, minmay_temple_entry_ruins, serial_shops, shop, shop,
          nicolae_take_the_stairs, minmay_liquid_box, nicolae_specific_store
D:7:      statuecave_lemuel, layout_basic
D:8:      layout_gridville, uniq_erica
D:9:      layout_irregular_city, nicolae_overflow_hallway_of_the_gods,
          uniq_pikel
D:10:     layout_small_grid, grunt_lair_entry_orc_guard_hut, zombieorc2_lemuel,
          minivault_4, dreamdust_princess_bridge, hangedman_fish_farm
Lair:1:   layout_chaotic_city, nicolae_lair_liquid_snakes, grunt_megastairs_3,
          lemuel_fruit_fields, uniq_sonja

Skill      XL: |  1  2  3  4  5  6  7  8  9 10 11 |
---------------+----------------------------------+-----
Spellcasting   | 3 4 5 6 8 9 10 | 10.1
Summonings     | 5 6 7 9 10 11 | 11.4
Ice Magic      | 1 2 3 4 5 |  5.0
Hexes          | 3 6 7 8 |  8.0
Dodging        | |  1.7
Stealth        | |  1.7

Action                     |  1- 3 |  4- 6 |  7- 9 | 10-12 || total
---------------------------+-------+-------+-------+-------++-------
  Melee: Unarmed           |    44 |       |       |       ||    44
         Whip              |    21 |    72 |    89 |    46 ||   228
         Punch             |     2 |     1 |       |     1 ||     4
   Cast: Summon Small Mamm |    28 |    20 |    44 |    19 ||   111
         Call Imp          |    12 |    18 |    34 |    26 ||    90
         Call Canine Famil |     2 |    13 |    35 |    25 ||    75
         Summon Ice Beast  |       |    12 |    54 |    33 ||    99
         Summon Mana Viper |       |       |    23 |    32 ||    55
         Monstrous Menager |       |       |       |     1 ||     1
    Use: Scroll            |       |     7 |       |     4 ||    11
         Potion            |       |       |     6 |     2 ||     8
   Stab: Sleeping          |     5 |     1 |     1 |       ||     7
         Distracted        |     2 |       |     2 |       ||     4
         Paralysed         |       |       |     7 |     9 ||    16
 Armour: Robe              |    32 |    54 |   101 |    19 ||   206
         Leather armour    |       |       |       |    38 ||    38
  Dodge: Dodged            |    45 |    51 |    79 |    37 ||   212
